 Dungeon Crawl Stone Soup version 0.31-a0-233-g139696dc86 (webtiles) character file.

Game seed: 10814960716064617728

110712 Decritt the Peltast (level 16, -7/97 (112) HPs)
             Began as a Gargoyle Fighter on July 8, 2023.
             Was a High Priest of Ru.
             Hit by a silver javelin thrown by a merfolk javelineer (8 damage)
             ... on level 4 of the Shoals.
             The game lasted 01:05:32 (21927 turns).

Decritt the Peltast (Gargoyle Fighter)             Turns: 21927, Time: 01:05:32

HP:   -7/97 (112)   AC: 41    Str: 33    XL:     16   Next: 55%
MP:   8/16          EV: 13    Int: 10    God:    Ru [*****.]
Gold: 1698          SH: 25    Dex:  9    Spells: 15/15 levels left

rFire   + . .        t - +0 demon whip (flame)
rCold   + . .        K - +2 tower shield {rC+}
rNeg    + . .        b - +2 plate armour {rF+}
rPois   ∞            M - +0 helmet
rElec   +            q - +2 cloak
rCorr   .            C - +2 pair of gloves
SInv    .            m - +2 pair of boots
Will    +....        G - amulet of reflection Stlth
                     e - +5 ring of evasion
HPRegen 0.36/turn    i - +6 ring of strength
MPRegen 0.15/turn

%: reflection
@: exhausted, flying, heavily drained
A: sickness immunity, AC +12, big wings, negative energy resistance 1,
electricity resistance, torment resistance 1, petrification resistance, no
stealth, inability to use devices, hated by all, no hexes magic, no ice magic,
no translocations magic
a: Renounce Religion, Draw Out Power, Power Leap, Apocalypse


You were on level 4 of the Shoals.
You worshipped Ru.
Ru was extremely pleased with you.
You visited 4 branches of the dungeon, and saw 23 of its levels.
You also visited: Ice Cave and Volcano.

You collected 2642 gold pieces.
You spent 944 gold pieces at shops.

Inventory:

Hand Weapons
 h - the +9 morningstar of Lita {antimagic, *Corrode rC+ Str+2}
   (You bought it in a shop on level 7 of the Dungeon)

   Str:       It affects your strength (+2).
   rC:        It protects you from cold.
   *Corrode:  It may corrode you when you take damage.
 t - a +0 demon whip of flaming (weapon)
 F - the +4 hand axe "Ogreslayer" {elec, rPois rC+ SInv}
   (You found it on level 3 of the Lair of Beasts)

   rC:        It protects you from cold.
   rPois:     It protects you from poison.
   SInv:      It lets you see invisible.
Armour
 b - a +2 plate armour of fire resistance (worn)
 m - a +2 pair of boots (worn)
 q - a +2 cloak (worn)
 C - a +2 pair of gloves (worn)
 K - a +2 tower shield of cold resistance (worn)
 M - a +0 helmet (worn)
Jewellery
 e - a +5 ring of evasion (left hand)
 f - a ring of see invisible
 i - a +6 ring of strength (right hand)
 n - an amulet of regeneration
 p - a +4 ring of protection
 G - an amulet of reflection (around neck)
 I - the ring of Zazod {Ice Drain Int+3 SInv}
   (You found it in an ice cave)

   [ring of ice]

   It enhances your ice magic.
   Int:       It affects your intelligence (+3).
   rF:        It makes you vulnerable to fire.
   rC:        It protects you from cold.
   SInv:      It lets you see invisible.
   Drain:     It drains your maximum health when unequipped.
 J - a ring of protection from cold
Scrolls
 a - a scroll of immolation
 k - 3 scrolls of poison
 l - 3 scrolls of fog
 r - 10 scrolls of identify
 u - a scroll of silence
 y - 5 scrolls of teleportation
 z - 5 scrolls of blinking
 B - 2 scrolls of enchant weapon
 E - 2 scrolls of torment
 H - 5 scrolls of fear
 L - a scroll of enchant armour
 N - a scroll of brand weapon
Potions
 c - 5 potions of haste
 d - 4 potions of might
 g - 10 potions of curing
 j - 7 potions of mutation
 o - 7 potions of attraction
 s - a potion of ambrosia
 v - 2 potions of invisibility
 w - 2 potions of lignification
 x - a potion of resistance
 A - 4 potions of heal wounds
 D - 3 potions of enlightenment


   Skills:
 - Level 17.0 Fighting
 - Level 15.6 Maces & Flails
 - Level 12.3 Armour
 - Level 3.9 Dodging
 + Level 17.6 Shields


You had 15 spell levels left.
You didn't know any spells.
Your spell library contained the following spells:

 Spells                   Type           Power      Damage    Failure   Level
 Magic Dart               Conj           0%         1d3       98%         1
 Sandblast                Erth           0%         2d4       98%         1
 Shock                    Conj/Air       0%         1d3       98%         1
 Passwall                 Tmut/Erth      0%         N/A       99%         2
 Searing Ray              Conj           0%         2d4       99%         2
 Static Discharge         Conj/Air       0%         2-2/arc   99%         2
 Stone Arrow              Conj/Erth      0%         3d7       100%        3
 Swiftness                Air            0%         N/A       100%        3
 Airstrike                Air            0%         2d(0-16)  100%        4
 Dispel Undead            Necr           0%         3d6       100%        4
 Arcjolt                  Conj/Air       0%         1d10      100%        5
 Blade Hands              Tmut           0%         N/A       100%        5
 Plasma Beam              Fire/Air       0%         2x1d10    100%        6
 Lehudib's Crystal Spear  Conj/Erth      0%         10d2      100%        8
 Summon Small Mammal      Summ           Unusable   N/A       N/A         1
 Cigotuvi's Dreadful Rot  Necr/Pois/Air  Unusable   N/A       N/A         2
 Call Canine Familiar     Summ           Unusable   N/A       N/A         3
 Summon Guardian Golem    Hex/Summ       Unusable   N/A       N/A         3
 Vhi's Electric Charge    Tloc/Air       Unusable   N/A       N/A         3
 Animate Armour           Summ/Erth      Unusable   N/A       N/A         4
 Fulminant Prism          Conj/Hex       Unusable   3d5       N/A         4
 Passage of Golubria      Tloc           Unusable   N/A       N/A         4
 Summon Lightning Spire   Summ/Air       Unusable   N/A       N/A         4
 Silence                  Hex/Air        Unusable   N/A       N/A         5
 Death Channel            Necr           Unusable   N/A       N/A         6

Dungeon Overview and Level Annotations

Branches:
Dungeon (12/15)            Temple (0/1) D:6            Lair (5/5) D:8
 Shoals (4/4) Lair:3        Snake (0/4) Lair:2        Slime (0/5) Lair:5
    Orc (2/2) D:11            Elf (0/3) Orc:2         IceCv (visited)
Volcano (visited)

Altars:
Ru
Uskayaw
Wu Jian
Zin
The Shining One

Shops:
D:4 =   D:6 *   D:7 (   Orc:1 (   Orc:2 *([=   Shoals:3 !


Innate Abilities, Weirdness & Mutations

You are immune to sickness and miasma.
Your stone body is resilient. (AC +12)
You are immune to poison.
Your large and strong wings let you fly.
You resist negative energy. (rN+)
You are resistant to electric shocks. (rElec)
You are resistant to unholy torment.
You are immune to petrification.
You cannot be stealthy.
You cannot study or use magical devices.
You are hated by all.
You cannot study or cast Hexes magic.
You cannot study or cast Ice magic.
You cannot study or cast Translocations magic.


Message History

Press: ? - help, Dir - look around, f - activate You reveal the great annihilating truth to your foes!
You kill the merfolk!
The plant begins to die. x2
You kill the merfolk!
The plant begins to die. x4
The merfolk impaler slows down under the weight of truth!
The plant begins to die. x2
You kill the merfolk!
The plant begins to die. x5; You feel drained.
You hear a shout! x4; You hear an angry hiss.
The merfolk javelineer hits you but does no damage.
A merfolk javelineer comes into view.
It is wielding a +2 antimagic spear and quivering silver javelins.
The merfolk impaler is stunned by your conviction and fails to attack.
The merfolk javelineer throws a silver javelin.
The silver javelin closely misses you.
The merfolk impaler throws a stone.
The stone hits you but does no damage.
A nearby plant withers and dies.
The merfolk javelineer throws a silver javelin.
The silver javelin pierces through you!!
* * * LOW HITPOINT WARNING * * *
* * * LOW HITPOINT WARNING * * *
The merfolk javelineer is stunned by your conviction and fails to attack.
A nearby plant withers and dies. x9
The merfolk javelineer throws a silver javelin.
The silver javelin pierces through you but does no damage.
* * * LOW HITPOINT WARNING * * *
The merfolk javelineer is stunned by your conviction and fails to attack.
The merfolk javelineer closely misses you.
A nearby plant withers and dies. x3
The merfolk javelineer throws a javelin.
The javelin pierces through you!
* * * LOW HITPOINT WARNING * * *
The merfolk javelineer throws a silver javelin.
The silver javelin pierces through you!
* * * LOW HITPOINT WARNING * * *
* * * LOW HITPOINT WARNING * * *
The merfolk javelineer throws a silver javelin.
The silver javelin pierces through you!
You die...

#~~~~...#.....~~
#~~(~.[.......~~ ~
#~~~.....~..~~~~ #.
##~~....~~~...~~≈
~##'##.......~~!..~~≈
~~~...).........~~~~.
~~~..............~~..
~~~...)..^.....#.....
~~~~.........@##....#
~~~~~...............#
~~~~P~~~.....).....##
#.~~~~~~
..~~~~~~~...m......#
##..~~~~~
~~~~~~.....m~......#
#.....~~~
....P.......)~.......
~mmm...~
....#####...m...~m.~
.mm..~~ ..#
##).......~~ #mmm~~~
#.......#.~.##.m)~~~


You could see a merfolk impaler (slow) and 3 merfolk javelineers.

Vanquished Creatures
  Jorgrun (Shoals:2)
  Mlioglotl (Shoals:3)
  3 krakens
  2 azure jellies (IceCv)
  Ilsuiw (Shoals:3)
  An orc warlord (Orc:2)
  A quicksilver ooze (IceCv)
  A formless jellyfish (Shoals:4)
  Nessos (Orc:1)
  Snorg (Lair:5)
  7 merfolk impalers
  3 merfolk javelineers (Shoals:4)
  A hydra (Lair:2)
  3 catoblepae (Lair:5)
  3 merfolk avatars
  2 boulder beetles
  A merfolk aquamancer (Shoals:1)
  2 two-headed ogres (D:8)
  12 death yaks
  2 orc high priests (Orc:2)
  A hell knight (Volcano)
  Nergalle (Lair:2)
  Sonja (Orc:2)
  A salamander mystic (Volcano)
  5 skysharks
  10 sea snakes
  10 harpies
  4 orc knights (Orc:2)
  An ugly thing (D:11)
  An orc sorcerer (Orc:1)
  An oklob plant (Lair:5)
  8 manticores
  2 cyclopes
  4 salamanders (Volcano)
  10 fauns
  9 merfolk sirens
  Maurice (Orc:1)
  An elephant (D:8)
  A water nymph (Shoals:4)
  2 black mambas (Lair:1)
  A gargoyle (D:12)
  2 molten gargoyles (Volcano)
  2 ice statues (IceCv)
  5 cane toads
  An unseen horror (D:10)
  5 rime drakes
  A kobold demonologist (D:11)
  A yaktaur (Shoals:2)
  6 komodo dragons
  29 merfolk
  9 trolls
  9 wind drakes
  2 polar bears
  3 blink frogs (Lair:4)
  11 dream sheep
  18 slime creatures (IceCv)
  6 snapping turtles
  A spriggan (Lair:4)
  A spriggan (shapeshifter) (D:11)
  56 yaks
  10 water elementals
  4 wyverns
  A vampire (D:11)
  6 fire bats (Volcano)
  5 basilisks
  Grum (D:8)
  A warg (Orc:2)
  Edmund (D:4)
  3 nagas (Lair:2)
  16 water moccasins
  29 orc warriors
  2 ice beasts
  2 black bears
  4 great orb of eyes simulacra (IceCv)
  5 ogres
  A centaur (D:8)
  10 wolves
  2 slime creature simulacra (IceCv)
  2 kobold brigands
  7 bullfrogs
  5 scorpions
  7 glowing shapeshifter simulacra (IceCv)
  5 wights
  20 killer bees
  2 electric eels (Lair:5)
  A howler monkey (D:9)
  3 hounds
  7 jellies
  8 lava snakes (Volcano)
  A gnoll bouda (D:8)
  6 orc priests
  4 iguanas
  A sleepcap (D:5)
  19 orc wizards
  A shapeshifter simulacrum (IceCv)
  8 adders
  4 gnolls (D:8)
  A shadow imp (D:3)
  2 white imps
  2 worms (D:2)
  5 dart slugs
  61 orcs
  10 endoplasms
  3 giant cockroaches
  4 goblins
  6 hobgoblins
  4 jackals (D:1)
  12 kobolds
  4 quokkas
  6 ball pythons
  5 bats
  5 frilled lizards
  5 rats
  A tentacle (Shoals:2)
642 creatures vanquished.

Vanquished Creatures (others)
  A kraken (Shoals:2)
  A hydra (Lair:5)
  2 merfolk aquamancers
  A harpy (Shoals:2)
  2 manticores
  2 merfolk
  A yak (Lair:4)
  A water elemental (Shoals:3)
  A wolf (Lair:4)
  A bullfrog (D:8)
  An orc wizard (Orc:1)
  2 orcs
  5 starspawn tentacles (Shoals:3)
  17 tentacles
38 creatures vanquished.

Grand Total: 680 creatures vanquished

Notes
Turn   | Place    | Note
-------+----------+-------------------------------------------
     0 | D:1      | Decritt the Gargoyle Fighter began the quest for the Orb.
     0 | D:1      | Reached XP level 1. HP: 14/14 MP: 1/1
    95 | D:1      | Reached XP level 2. HP: 19/19 MP: 2/2
   462 | D:1      | Reached XP level 3. HP: 24/24 MP: 3/3
   888 | D:2      | Reached XP level 4. HP: 29/29 MP: 4/4
  1493 | D:3      | Reached XP level 5. HP: 27/34 MP: 5/5
  2118 | D:4      | Reached skill level 5 in Fighting
  2118 | D:4      | Reached XP level 6. HP: 40/40 MP: 6/6
  2302 | D:4      | Found a glowing golden altar of the Shining One.
  2507 | D:4      | Found Gaef's Jewellery Shop.
  2681 | D:4      | Noticed Edmund
  2701 | D:4      | Killed Edmund
  2702 | D:4      | Reached XP level 7. HP: 43/44 MP: 7/7
  2953 | D:5      | Entered Level 5 of the Dungeon
  3157 | D:5      | Reached skill level 5 in Maces & Flails
  3259 | D:5      | Reached skill level 5 in Armour
  3643 | D:5      | Reached skill level 5 in Shields
  3643 | D:5      | Reached XP level 8. HP: 52/52 MP: 8/8
  3757 | D:5      | Found a hide-covered altar of Uskayaw.
  3757 | D:5      | Found a sacrificial altar of Ru.
  3785 | D:5      | Became a worshipper of Ru the Awakened
  3979 | D:6      | Found a staircase to the Ecumenical Temple.
  4055 | D:6      | Found Tiadwueh's Assorted Antiques.
  4064 | D:6      | Bought a fuming purple potion for 27 gold pieces
  4064 | D:6      | Bought a scroll labelled ZIEMAEFIFE for 31 gold pieces
  4136 | D:6      | Found a glowing silver altar of Zin.
  4299 | D:6      | Found an ornate altar of the Wu Jian Council.
  4808 | D:7      | Found Jopruv's Antique Weapon Boutique.
  4825 | D:7      | Reached XP level 9. HP: 59/59 MP: 9/9
  4825 | D:7      | Gained mutation: You cannot study or use magical devices.
                  | [Ru sacrifice]
  4825 | D:7      | Reached * piety under Ru
  4825 | D:7      | Reached ** piety under Ru
  4832 | D:7      | Bought a crude morningstar for 189 gold pieces
  4832 | D:7      | Identified the +9 morningstar of Lita {antimagic, *Corrode
                  | rC+ Str+2} (You bought it in a shop on level 7 of the
                  | Dungeon)
  5369 | D:8      | Noticed a two-headed ogre
  5388 | D:8      | Killed a two-headed ogre
  5391 | D:8      | Reached XP level 10. HP: 62/66 MP: 3/10
  5573 | D:8      | Noticed Grum
  5585 | D:8      | Killed Grum
  5753 | D:8      | Found a staircase to the Lair.
  5753 | D:8      | Noticed an elephant
  5764 | D:8      | Reached skill level 10 in Fighting
  5771 | D:8      | Killed an elephant
  5777 | D:8      | Noticed a two-headed ogre
  5787 | D:8      | Killed a two-headed ogre
  5915 | D:8      | Identified the +0 sling "Xemonoqyit" {drain, Fly rF- Int+4}
  6298 | D:9      | Gained mutation: You cannot be stealthy. [Ru sacrifice]
  6298 | D:9      | Reached *** piety under Ru
  6645 | D:9      | Reached XP level 11. HP: 74/74 MP: 3/11
  6733 | D:9      | Identified the +0 ring mail of Anaesthesia {Dex+5}
  6986 | D:10     | Entered Level 10 of the Dungeon
  7124 | D:10     | Reached skill level 10 in Maces & Flails
  7870 | D:11     | Noticed a green ugly thing
  7891 | D:11     | Killed a green ugly thing
  8177 | D:11     | Noticed a fire crab
  8182 | D:11     | a fire crab changed into a spriggan
  8185 | D:11     | Gained mutation: You cannot study or cast Ice magic. [Ru
                  | sacrifice]
  8185 | D:11     | Gained mutation: You cannot study or cast Hexes magic. [Ru
                  | sacrifice]
  8185 | D:11     | Gained mutation: You cannot study or cast Translocations
                  | magic. [Ru sacrifice]
  8185 | D:11     | Reached **** piety under Ru
  8261 | D:11     | Found a staircase to the Orcish Mines.
  8371 | D:11     | Noticed a manticore
  8384 | D:11     | Killed a manticore
  8394 | D:11     | Noticed a cyclops
  8402 | D:11     | Killed a cyclops
  8561 | Lair:1   | Entered Level 1 of the Lair of Beasts
  9043 | Lair:1   | Reached XP level 12. HP: 82/82 MP: 4/12
  9322 | Lair:2   | Noticed Nergalle
  9329 | Lair:2   | Killed Nergalle
  9811 | Lair:2   | Found a staircase to the Snake Pit.
  9925 | Lair:2   | Noticed an eight-headed hydra
  9931 | Lair:2   | Killed an eight-headed hydra
 10169 | Lair:3   | Gained mutation: You are hated by all. [Ru sacrifice]
 10169 | Lair:3   | Reached ***** piety under Ru
 10223 | Lair:3   | Identified the +4 hand axe "Ogreslayer" {elec, rPois rC+
                  | SInv}
 10251 | Lair:3   | Noticed a death yak
 10252 | Lair:3   | Noticed a death yak
 10252 | Lair:3   | Noticed a death yak
 10252 | Lair:3   | Noticed a death yak
 10254 | Lair:3   | Noticed a death yak
 10254 | Lair:3   | Noticed a death yak
 10270 | Lair:3   | Killed a death yak
 10275 | Lair:3   | Killed a death yak
 10279 | Lair:3   | Killed a death yak
 10289 | Lair:3   | Killed a death yak
 10298 | Lair:3   | Killed a death yak
 10299 | Lair:3   | Reached skill level 10 in Armour
 10304 | Lair:3   | Killed a death yak
 10305 | Lair:3   | Reached skill level 10 in Shields
 10315 | Lair:3   | Reached XP level 13. HP: 31/90 MP: 4/13
 10669 | Lair:3   | Found a staircase to the Shoals.
 11185 | Lair:4   | Identified the +1 great sword "Killer Klown's Death"
                  | {freeze, *Slow Will+ Int+4}
 12094 | Lair:5   | Entered Level 5 of the Lair of Beasts
 12146 | Lair:5   | Found a frozen archway.
 12168 | IceCv    | Entered an ice cave
 12313 | IceCv    | Noticed a quicksilver ooze
 12325 | IceCv    | Killed a quicksilver ooze
 12453 | IceCv    | Reached skill level 15 in Fighting
 12490 | IceCv    | Noticed an azure jelly
 12492 | IceCv    | Noticed an azure jelly
 12498 | IceCv    | Killed an azure jelly
 12508 | IceCv    | Killed an azure jelly
 12725 | IceCv    | Identified the ring of Zazod {Ice Drain Int+3 SInv}
 12943 | Lair:5   | Noticed Snorg
 12951 | Lair:5   | Killed Snorg
 13161 | Lair:5   | Found a staircase to the Slime Pits.
 13210 | Lair:5   | Gained mutation: Your large and strong wings let you fly.
                  | [Gargoyle growth]
 13210 | Lair:5   | Reached XP level 14. HP: 98/98 MP: 4/14
 13585 | Lair:5   | Reached skill level 1 in Dodging
 14376 | Orc:1    | Entered Level 1 of the Orcish Mines
 14479 | Orc:1    | Found a dark tunnel.
 14483 | Volcano  | Entered a volcano
 14678 | Volcano  | Found a burning altar of Makhleb.
 15146 | Orc:1    | Found Wotiy's Weapon Boutique.
 15267 | Orc:2    | Entered Level 2 of the Orcish Mines
 15267 | Orc:2    | Found Epnexyaps's Jewellery Boutique.
 15286 | Orc:2    | Noticed Sonja
 15304 | Orc:2    | Noticed Nessos
 15370 | Orc:1    | Killed Nessos
 15403 | Orc:2    | Killed Sonja
 15404 | Orc:2    | Reached skill level 15 in Maces & Flails
 15460 | Orc:2    | Found a staircase to the Elven Halls.
 15517 | Orc:2    | Found Poblewn's Antique Weapon Boutique.
 15685 | Orc:2    | Found Imox's Antique Armour Boutique.
 15874 | Orc:2    | Noticed an orc warlord
 15874 | Orc:2    | Found Waitipitz's General Store.
 15912 | Orc:2    | Killed an orc warlord
 16150 | Orc:1    | Noticed Maurice
 16173 | Orc:1    | Killed Maurice
 16174 | Orc:1    | Reached XP level 15. HP: 104/105 MP: 15/15
 16501 | Shoals:1 | Entered Level 1 of the Shoals
 16827 | Shoals:1 | Noticed a kraken
 16852 | Shoals:1 | Killed a kraken
 18243 | Shoals:2 | Noticed a kraken
 18265 | Shoals:2 | Killed a kraken
 19091 | Shoals:2 | Noticed a kraken
 19110 | Shoals:2 | Killed a kraken
 19412 | Shoals:3 | Noticed Jorgrun
 19412 | Shoals:3 | Noticed Ilsuiw
 19452 | Shoals:2 | Killed Jorgrun
 19843 | Shoals:3 | Found Oppuyklu's Distillery.
 19862 | Shoals:3 | Bought a potion of curing for 51 gold pieces
 19862 | Shoals:3 | Bought a potion of heal wounds for 85 gold pieces
 19862 | Shoals:3 | Bought a potion of curing for 51 gold pieces
 19862 | Shoals:3 | Bought a potion of heal wounds for 85 gold pieces
 19862 | Shoals:3 | Bought a potion of heal wounds for 85 gold pieces
 19862 | Shoals:3 | Bought a potion of might for 68 gold pieces
 19862 | Shoals:3 | Bought a potion of mutation for 136 gold pieces
 19862 | Shoals:3 | Bought a potion of mutation for 136 gold pieces
 19934 | Shoals:3 | Reached skill level 15 in Shields
 20032 | Shoals:3 | Reached XP level 16. HP: 112/112 MP: 16/16
 20248 | Shoals:3 | Noticed a kraken
 20273 | Shoals:3 | Killed a kraken
 20507 | Shoals:3 | Killed Ilsuiw
 20524 | Shoals:3 | Noticed Mlioglotl
 20525 | Shoals:3 | Noticed a tentacled starspawn
 20535 | Shoals:4 | Entered Level 4 of the Shoals
 20740 | Shoals:3 | Noticed a tentacled starspawn
 20754 | Shoals:3 | Killed Mlioglotl
 21927 | Shoals:4 | HP: 4/97 [merfolk javelineer/silver javelin (15)]
 21927 | Shoals:4 | HP: 1/97 [merfolk javelineer/silver javelin (3)]
 21927 | Shoals:4 | Hit by a silver javelin thrown by a merfolk javelineer

Illustrated notes

Levels and vault maps discovered:
D:1:      roderic_dead_forest, layout_rooms, serial_forest,
          infiniplex_forest_lined_3, infiniplex_forest_lined_4_way,
          infiniplex_forest_side_room, infiniplex_forest_diagonal,
          infiniplex_forest_clump_cross, infiniplex_forest_zigzag_2,
          infiniplex_forest_lined_room_
D:2:      layout_basic
D:3:      layout_loops_corners, minivault_24
D:4:      layout_loops_corners, nicolae_tso_carved_into_rock, serial_shops,
          nicolae_take_the_stairs, uniq_edmund
D:5:      layout_basic, gammafunk_temple_overflow_pools
D:6:      layout_cave_pools, lemuel_crystal_altar,
          mainiacjoe_overflow_boulevard, minmay_temple_entry_statues_fountains,
          serial_shops, nicolae_shop_advertising_works
          [nicolae_subvault_shop_adworks]
D:7:      layout_basic, serial_shops, shop, minmay_door_square
D:8:      layout_rooms, david_lair_generic, minivault_10,
          minmay_misc_feat_ornament, kennysheep_dice, uniq_grum
D:9:      layout_stronghold, st_stairs_4
D:10:     layout_cave_pods
D:11:     layout_long_grid, hiddenorc1_lemuel
D:12:     layout_loops_ring, serial_shops, nicolae_shop_hallway_plus,
          uniq_fannar
Lair:1:   layout_chaotic_city
Lair:2:   layout_gridlike, nicolae_snake_entry_squirm,
          grunt_forest_stairs_basic, uniq_nergalle
Lair:3:   layout_hall_layers, elwin_shoals_entry_rocks
Lair:4:   layout_cave_pods, eino_small_chamber_without_monster,
          grunt_forest_stairs_clearing
Lair:5:   evilmike_catoblepas_cave, layout_gridlike,
          nicolae_slime_entry_slimehenge, portal_ice_cave_rime, tgw_fedhas,
          serial_bayou_shore_b, infiniplex_staircase_pool, uniq_snorg
Shoals:1: layout_shoals
Shoals:2: layout_shoals, yaktaur_hedge
Shoals:3: layout_shoals, nicolae_stop_n_shop_2, uniq_jorgrun, uniq_mlioglotl,
          uniq_ilsuiw
Shoals:4: shoals_end_simple, layout_shoals
Orc:1:    layout_diamond_mine, serial_shops, nicolae_shop_back_alley_shop,
          nicolae_volcano_entry_lava_flow, uniq_maurice
Orc:2:    grunt_orc_gardens, layout_caves, grunt_orc_garden, grunt_orc_garden,
          grunt_orc_garden, grunt_orc_garden, basic_altar, uniq_nessos,
          uniq_sonja

Skill      XL: |  1  2  3  4  5  6  7  8  9 10 11 12 13 14 15 16 |
---------------+-------------------------------------------------+-----
Fighting       | 4 5 6 7 9 11 12 14 15 16 17 | 17.0
Maces & Flails | 3 4 5 6 8 9 11 12 14 15 | 15.6
Armour         | 4 5 6 7 9 10 11 12 | 12.3
Shields        | 4 5 6 7 9 10 11 15 17 | 17.6
Dodging        | 3 |  3.9

Action                     |  1- 3 |  4- 6 |  7- 9 | 10-12 | 13-15 | 16-18 || total
---------------------------+-------+-------+-------+-------+-------+-------++-------
  Melee: Flail             |   110 |   137 |   191 |       |       |       ||   438
         Morningstar       |       |       |    74 |   503 |   631 |       ||  1208
         Demon whip        |       |       |       |       |   789 |   310 ||  1099
 Invoke: Sacrifice Artific |       |       |     1 |       |       |       ||     1
         Sacrifice Stealth |       |       |       |     1 |       |       ||     1
         Sacrifice Arcana  |       |       |       |     1 |       |       ||     1
         Draw Out Power    |       |       |       |     1 |     2 |       ||     3
         Sacrifice Love    |       |       |       |     1 |       |       ||     1
         Reject Sacrifices |       |       |       |       |     2 |       ||     2
         Apocalypse        |       |       |       |       |     3 |     3 ||     6
         Power Leap        |       |       |       |       |     1 |     1 ||     2
    Use: Scroll            |       |    10 |     6 |    20 |     4 |     1 ||    41
         Potion            |       |       |       |       |     5 |     2 ||     7
   Stab: Petrifying        |       |       |       |     1 |       |       ||     1
         Distracted        |       |       |       |     1 |     8 |     1 ||    10
         Invisible         |       |       |       |     1 |     1 |       ||     2
         Petrified         |       |       |       |       |     7 |       ||     7
         Paralysed         |       |       |       |       |       |     5 ||     5
 Armour: Scale mail        |     5 |       |       |       |       |       ||     5
         Chain mail        |    43 |    61 |    20 |       |       |       ||   124
         Plate armour      |       |       |    91 |   262 |   438 |   136 ||   927
  Dodge: Dodged            |    80 |    59 |    77 |   177 |   319 |    80 ||   792
  Block: Buckler           |    18 |       |       |       |       |       ||    18
         Tower shield      |     9 |   108 |   242 |   593 |  1280 |   343 ||  2575
         Reflection        |       |       |       |     1 |    36 |    16 ||    53

Table legend: (Time is in decaauts)
 A = Elapsed time spent in this place.
 B = Non-inter-level travel time spent in this place.
 C = Inter-level travel time spent in this place.
 D = Time resting spent in this place.
 E = Time spent auto-exploring this place.
 F = Levels seen in this place.
 G = Mean time per level.
                   A        B        C        D        E       F      G
               +--------+--------+--------+--------+--------+-----+--------+
         Total |  21735 |  20742 |    993 |   1652 |  13814 |  25 |  869.4 |
       Dungeon |   9005 |   8422 |    583 |    154 |   6218 |  12 |  750.4 |
          Lair |   5012 |   4751 |    261 |    156 |   3480 |   5 | 1002.4 |
        Shoals |   5079 |   5007 |     72 |    873 |   3022 |   4 | 1269.8 |
  Orcish Mines |   1485 |   1409 |     76 |     73 |    828 |   2 |  742.5 |
      Ice Cave |    760 |    760 |      0 |    300 |    174 |   1 |  760.0 |
       Volcano |    392 |    392 |      0 |     96 |     92 |   1 |  392.0 |
               +--------+--------+--------+--------+--------+-----+--------+

Top non-repeatable levels by time:
Shoals:2: 1770 daAuts
  Lair:5: 1344 daAuts
Shoals:1: 1342 daAuts
  Lair:4: 1214 daAuts
     D:9: 1121 daAuts
     D:5: 1039 daAuts
Shoals:3: 1012 daAuts
Shoals:4: 953 daAuts
  Lair:2: 921 daAuts
     D:8: 890 daAuts
     D:4: 869 daAuts
   Orc:2: 865 daAuts
     D:3: 814 daAuts
    D:10: 813 daAuts
  Lair:3: 796 daAuts
